 Dungeon Crawl Stone Soup version 0.31-a0-986-g5e6e4ef867 (webtiles) character file.

Game seed: 10163507773281628077

411 Jeffwins the Changeling (level 6, -3/70 HPs)
             Began as a Draconian Shapeshifter on Nov 24, 2023.
             Was an Initiate of Gozag.
             Slain by Menkaure (7 damage)
             ... on level 6 of the Dungeon.
             The game lasted 00:04:58 (2628 turns).

Jeffwins the Changeling (Draconian Shapeshifter)    Turns: 2628, Time: 00:04:59

Health: -3/70      AC: 23    Str: 16    XL:     6   Next: 58%
Magic:  0/6        EV:  2    Int: 12    God:    Gozag
Gold:   145        SH:  0    Dex: 11    Spells: 5/5 levels left

rFire   . .          .
                       - Unarmed
rCold   + . .        (no shield)
rNeg    . . .        (body armour unavailable)
rPois   +            (helmet currently unavailable)
rElec   .            (cloak currently unavailable)
rCorr   .            (gloves currently unavailable)
SInv    .            (boots currently unavailable)
Will    .....        (no amulet)
Stlth   ++           C - ring of protection from cold
HPRegen 0.31/turn    L - ring of flight
MPRegen 0.10/turn

%: no passive effects
@: tree-form
A: stationary, stasis, torment immunity, boosted hp, AC +6, unfitting armour,
(cold-blooded), (antennae 1), high MP 1, MP-powered wands
a: Renounce Religion, Potion Petition, Call Merchant, Bribe Branch


You were on level 6 of the Dungeon.
You worshipped Gozag.
Gozag was aware of your devotion.
You were a tree.
You visited 2 branches of the dungeon, and saw 6 of its levels.

You collected 227 gold pieces.
You paid 82 gold pieces to Gozag.


Innate Abilities, Weirdness & Mutations

You are a tree.
Your roots penetrate the ground, keeping you stationary.
You cannot be teleported.
You are immune to unholy pain and torment.
Your maximum health is greatly increased.
Your equipment is partially melded.
((Your plain brown scales are hard. (AC +6)))
You cannot fit into any form of body armour.
((You are cold-blooded and may be slowed by cold attacks.))
((You have a pair of small antennae on your head.))
You have an increased reservoir of magic. (+10% MP)
You expend magic power (3 MP) to strengthen your wands.


   Skills:
 - Level 1.1 Fighting
 - Level 2.0 Dodging
 - Level 2.0 Stealth
 + Level 4.4 Unarmed Combat
 + Level 2.3 Evocations
 * Level 5.2 Shapeshifting


You had 5 spell levels left.
You didn't know any spells.
Your spell library contained the following spells:

 Spells                   Type           Power      Damage    Failure   Level
 Olgreb's Toxic Radiance  Pois           0%         N/A       97%         4
 Discord                  Hex            0%         N/A       100%        8
 Ignition                 Fire           0%         3d3       100%        8

Inventory:

Hand Weapons
 k - a +0 dagger of venom
 n - the +0 rapier of the Bouncing Knives {elec, rF+}
   (You found it on level 2 of the Dungeon)

   rF+:       It protects you from fire.
Missiles
 s - 2 throwing nets {=f}
Armour
 i - an orb of energy
 o - a +0 pair of gloves
 w - a +1 pair of boots
 D - a +0 kite shield
 G - a +0 pair of boots
Magical Staves
 y - a staff of poison
Jewellery
 v - a ring of see invisible
 C - a ring of protection from cold (left branch)
 L - a ring of flight (right branch)
Talismans
 b - a beast talisman
 c - a flux talisman
Wands
 t - a wand of mindburst (5)
 F - a wand of paralysis (8)
Scrolls
 g - a scroll of enchant armour
 h - a scroll of revelation
 l - a scroll of summoning {unknown}
 m - a scroll of teleportation {@r4}
 p - 2 scrolls of amnesia {unknown}
 q - a scroll of blinking
 r - a scroll of identify {unknown}
 x - a scroll of immolation {unknown}
 B - a scroll of vulnerability {unknown}
 E - a scroll of fear {unknown}
Potions
 d - 4 potions of curing {unknown}
 e - 3 potions of brilliance {unknown}
 f - a potion of cancellation {unknown}
 j - a potion of invisibility {unknown}
 u - a potion of enlightenment {unknown}
 z - a potion of experience {unknown}
 A - a potion of haste {unknown}

Dungeon Overview and Level Annotations

Branches:
Dungeon (6/15)             Temple (1/1) D:6

Altars:
Ashenzari
Cheibriados
Dithmenos
Fedhas
Gozag
Hepliaklqana
Kikubaaqudgha
Makhleb
Nemelex Xobeh
Okawaru
Qazlal
Ru
Sif Muna
Trog
Xom
Yredelemnul
Zin
The Shining One

Annotations:
D:6 Menkaure

.....## ..... ....... ..z.
....... ##... ....... ...#
........ .z.#
..........###..######
.............##SM......
###........#..#♣#
#####......#....# .
#####...........## #..
#####.........#..#####....
#####.........#...)#......
######...........>))...#
#######.......$...)...##
########...........#...#
########.....$....###..#


You could see Menkaure (fast), 2 wights and an adder.


Message History

Menkaure seems to speed up.
An adder comes into view.
Aiming: Mindburst
Press: ? - help, Shift-Dir - straight line, f - Menkaure
Aim: Menkaure (fast, chance to affect: 80%) Menkaure's mind is blasted!!
The adder hisses angrily.
Unknown command.
A wight comes into view. It is wielding a +2 falchion.
The adder misses you.
Unknown command.
You barely miss Menkaure.
Menkaure is almost destroyed.
Menkaure hits you!
* * * LOW HITPOINT WARNING * * *
A wight comes into view. It is wielding a +5 spear.
The adder closely misses you. Menkaure hits you!
* * * LOW HITPOINT WARNING * * *
Unknown command.
Unknown command.
Your transformation has ended.
You turn into a tree.
Your roots penetrate the ground.
The adder barely misses you. Menkaure hits you but does no damage.
Unknown command.
You hit Menkaure but do no damage.
Menkaure is almost destroyed.
The adder barely misses you. Menkaure hits you!
You die...
Xom chortles!
Your body crumbles into a pile of gold.

Skill      XL: |  1  2  3  4  5  6 |
---------------+-------------------+-----
Dodging        | 2 |  2.0
Stealth        | 1 2 |  2.0
Shapeshifting  | 4 5 |  5.2
Evocations     | 1 2 |  2.3
Unarmed Combat | 4 |  4.4
Fighting       | |  1.1

Action                     |  1- 3 |  4- 6 || total
---------------------------+-------+-------++-------
  Melee: Unarmed           |    78 |   110 ||   188
         Punch             |     2 |     4 ||     6
         Tailslap          |     9 |    16 ||    25
 Invoke: Renounce Religion |     1 |       ||     1
  Evoke: Wand              |       |    10 ||    10
    Use: Scroll            |       |     4 ||     4
         Potion            |       |     1 ||     1
   Stab: Sleeping          |       |     3 ||     3
         Paralysed         |       |     4 ||     4
 Armour: Skin              |    24 |    54 ||    78
  Dodge: Dodged            |    43 |    58 ||   101

Levels and vault maps discovered:
D:1:      psy_arrival_terrarium, layout_loops_corners,
          hellmonk_ecumenical_altar_crossroads
D:2:      layout_loops_corners
D:3:      layout_rooms
D:4:      layout_loops_ring, enter_ossuary_3, minmay_crystal_room, hex_tiny
D:6:      layout_cave_pools, minmay_temple_entry_butterflies,
          hangedman_decor_points, minmay_misc_feat_pillars, uniq_menkaure,
          uniq_maggie
Temple:   dpeg_five_rooms_temple

Notes
Turn   | Place    | Note
-------+----------+-------------------------------------------
     0 | D:1      | Jeffwins the Draconian Shapeshifter began the quest for the
                  | Orb.
     0 | D:1      | Reached XP level 1. HP: 16/16 MP: 1/1
   174 | D:1      | Found a faded altar of an unknown god.
   183 | D:1      | Prayed at the altar of an unknown god.
   183 | D:1      | Became a worshipper of Xom of Unknown Intent
   184 | D:1      | Fell from the grace of Xom
   349 | D:1      | Reached XP level 2. HP: 23/23 MP: 2/2
   351 | D:1      | Reached skill level 2 in Dodging
   364 | D:1      | XOM: god gift: 13 gold pieces
   679 | D:1      | Reached skill level 1 in Stealth
   830 | D:1      | XOM: stat loss: -1 Str (15/16)
   927 | D:2      | XOM: give mutations
   927 | D:2      | Gained mutation: You have a pair of small horns on your
                  | head. [Xom's mischief]
   927 | D:2      | Gained mutation: You have an increased reservoir of magic.
                  | (+10% MP) [Xom's mischief]
   927 | D:2      | Lost mutation: You have a pair of small horns on your head.
                  | [Xom's mischief]
   927 | D:2      | Gained mutation: You expend magic power (3 MP) to
                  | strengthen your wands. [Xom's mischief]
   943 | D:2      | Reached XP level 3. HP: 28/28 MP: 3/3
  1280 | D:2      | Reached XP level 4. HP: 35/35 MP: 4/4
  1298 | D:2      | Identified the +0 rapier of the Bouncing Knives {elec, rF+}
  1660 | D:2      | XOM: draining
  1836 | D:3      | Reached skill level 4 in Shapeshifting
  2040 | D:3      | Reached XP level 5. HP: 23/39 MP: 0/5
  2043 | D:3      | Reached skill level 2 in Stealth
  2043 | D:3      | Reached skill level 1 in Evocations
  2469 | D:4      | You are sucked into a shaft and drop 2 floors!
  2472 | D:6      | Found a staircase to the Ecumenical Temple.
  2481 | D:6      | Noticed Menkaure
  2486 | Temple   | Entered the Ecumenical Temple
  2494 | Temple   | XOM: give mutation
  2494 | Temple   | Gained mutation: You have a pair of small antennae on your
                  | head. [Xom's mischief]
  2537 | Temple   | Became a worshipper of Gozag Ym Sagoz the Greedy
  2588 | D:6      | Noticed an orc warrior
  2590 | D:6      | Noticed an ogre
  2594 | D:6      | Killed an orc warrior
  2595 | D:6      | Reached skill level 4 in Unarmed Combat
  2595 | D:6      | Reached XP level 6. HP: 40/47 MP: 0/6
  2604 | D:6      | Reached skill level 2 in Evocations
  2604 | D:6      | Reached skill level 5 in Shapeshifting
  2626 | D:6      | HP: 2/47 [Menkaure (8)]
  2628 | D:6      | Slain by Menkaure

Vanquished Creatures
  An orc warrior (D:6)
  An ogre (D:6)
  A jelly (D:6)
  2 orc priests (D:3)
  5 adders
  A shadow imp (D:6)
  2 worms
  A dart slug (D:1)
  9 orcs
  4 endoplasms
  A giant cockroach (D:2)
  7 goblins
  8 hobgoblins
  7 jackals
  7 kobolds
  3 quokkas
  6 ball pythons
  A bat (D:3)
  5 frilled lizards
  7 rats
79 creatures vanquished.

Table legend: (Time is in decaauts)
 A = Elapsed time spent in this place.
 B = Non-inter-level travel time spent in this place.
 C = Inter-level travel time spent in this place.
 D = Time resting spent in this place.
 E = Time spent auto-exploring this place.
 F = Levels seen in this place.
 G = Mean time per level.
                   A        B        C        D        E       F      G
               +--------+--------+--------+--------+--------+-----+--------+
         Total |   2615 |   2417 |    198 |      0 |   1900 |   6 |  435.8 |
       Dungeon |   2515 |   2414 |    101 |      0 |   1900 |   5 |  503.0 |
        Temple |    100 |      3 |     97 |      0 |      0 |   1 |  100.0 |
               +--------+--------+--------+--------+--------+-----+--------+

Top non-repeatable levels by time:
     D:2: 968 daAuts
     D:1: 844 daAuts
     D:3: 619 daAuts
  Temple: 100 daAuts
     D:6: 57 daAuts
     D:4: 26 daAuts

Table legend:
 A = Non-vault XP
 B = Vault XP
 C = Vault XP percentage of total XP
 D = Non-vault monster count
 E = Vault monster count
 F = Vault count percentage of total count
                 A         B        C        D         E       F
            +---------+---------+-------+---------+---------+-------
      Total |     588 |       0 |   0.0 |      79 |       0 |   0.0
            +---------+---------+-------+---------+---------+-------
        D:1 |      36 |       0 |   0.0 |      21 |       0 |   0.0
        D:2 |      76 |       0 |   0.0 |      24 |       0 |   0.0
        D:3 |     150 |       0 |   0.0 |      24 |       0 |   0.0
        D:4 |      12 |       0 |   0.0 |       4 |       0 |   0.0
        D:6 |     314 |       0 |   0.0 |       6 |       0 |   0.0
            +---------+---------+-------+---------+---------+-------
